Map: Abyssal Reef LE

Players

BlackWizard - Winner!

  • Race: Protoss Protoss
  • League: Master
  • Spawn Location: 5:00

Railgan

  • Race: Zerg Zerg
  • League: Grandmaster
  • Spawn Location: 11:00

VOD

Have the link to the VOD?

Description

Time

  • Played on: Feb. 27, 2017, 5:34 p.m.
  • Length: 21:56
Show
View Real Time Build Order
Export as new Build Order

BlackWizard Protoss - Winner!

Build Orders: Cannon Rush 

Get SALT Encoding   

  12  0:00  Probe (Chrono Boost)  
  13  0:11  Probe (Chrono Boost)  
  14  0:17  Pylon  
  14  0:22  Probe (Chrono Boost)  
  15  0:37  Forge  
  15  0:38  Probe (Chrono Boost)  
  16  0:49  Probe (Chrono Boost)  
  17  0:59  Probe (Chrono Boost)  
  17  1:01  Assimilator  
  18  1:10  Probe (Chrono Boost)  
  19  1:11  Pylon  
  19  1:19  Pylon  
  19  1:21  Probe (Chrono Boost)  
  19  1:29  Photon Cannon  
  19  1:32  Pylon  
  19  1:42  Photon Cannon  
  19  1:51  Photon Cannon  
  19  1:54  Probe (Chrono Boost)  
  20  2:04  Photon Cannon  
  21  2:14  Photon Cannon  
  20  2:25  Gateway  
  20  2:28  Probe (Chrono Boost)  
  21  2:35  Assimilator  
  21  2:38  Assimilator  
  21  2:39  Probe (Chrono Boost)  
  22  2:49  Probe (Chrono Boost)  
  23  2:56  Pylon  
  23  3:07  Probe (Chrono Boost)  
  24  3:18  Nexus  
  24  3:29  Cybernetics Core  
  24  3:32  Probe (Chrono Boost)  
  25  3:46  Probe (Chrono Boost)  
  26  3:54  Pylon  
  26  4:05  Stargate  
  26  4:06  Warp Gate  
  26  4:07  Mothership Core (Chrono Boost)  
  26  4:09  Zealot  
  30  4:28  Photon Cannon  
  30  4:31  Photon Cannon  
  30  4:32  Probe (Chrono Boost)  
  30  4:35  Probe (Chrono Boost)  
  32  4:45  Void Ray  
  36  4:55  Probe (Chrono Boost)  
  36  4:56  Probe (Chrono Boost)  
  38  5:07  Stargate  
  38  5:10  Probe x2 (Chrono Boost)  
  40  5:21  Probe (Chrono Boost)  
  42  5:22  Probe (Chrono Boost)  
  42  5:25  Assimilator  
  42  5:26  Phoenix  
  42  5:31  Probe (Chrono Boost)  
  42  5:34  Pylon, Probe (Chrono Boost)  
  46  5:50  Probe (Chrono Boost)  
  46  5:54  Pylon x2  
  46  5:55  Phoenix  
  46  5:58  Phoenix  
  46  6:02  Probe (Chrono Boost)  
  51  6:04  Probe (Chrono Boost)  
  51  6:07  Assimilator  
  52  6:14  Probe (Chrono Boost)  
  52  6:17  Pylon, Phoenix  
  53  6:22  Probe (Chrono Boost)  
  56  6:26  Phoenix  
  56  6:29  Probe (Chrono Boost)  
  59  6:36  Probe (Chrono Boost)  
  59  6:38  Phoenix  
  60  6:42  Probe (Chrono Boost)  
  62  6:50  Pylon  
  62  6:52  Probe (Chrono Boost)  
  61  7:05  Nexus  
  61  7:08  Pylon  
  61  7:14  Protoss Air Weapons Level 1, Pylon  
  61  7:20  Probe (Chrono Boost)  
  62  7:26  Probe (Chrono Boost), Phoenix  
  65  7:37  Probe (Chrono Boost)  
  65  7:38  Fleet Beacon  
  65  7:43  Mothership Core (Chrono Boost)  
  66  7:47  Probe (Chrono Boost)  
  67  7:58  Probe (Chrono Boost)  
  68  8:03  Probe (Chrono Boost)  
  68  8:05  Stargate  
  69  8:08  Probe (Chrono Boost)  
  69  8:12  Carrier  
  70  8:15  Probe (Chrono Boost)  
  70  8:18  Probe (Chrono Boost)  
  70  8:19  Probe (Chrono Boost)  
  82  8:27  Probe (Chrono Boost), Assimilator  
  82  8:29  Probe (Chrono Boost)  
  82  8:30  Probe (Chrono Boost)  
  82  8:32  Assimilator  
  84  8:37  Carrier  
  84  8:38  Photon Cannon  
  84  8:39  Probe (Chrono Boost)  
  84  8:40  Photon Cannon  
  87  8:41  Probe (Chrono Boost)  
  87  8:42  Probe (Chrono Boost)  
  91  8:51  Probe (Chrono Boost)  
  91  8:53  Probe (Chrono Boost)  
  91  8:55  Protoss Air Weapons Level 2  
  93  8:58  Pylon  
  93  9:04  Pylon  
  93  9:06  Carrier  
  101  9:17  Pylon  
  101  9:18  Probe x2 (Chrono Boost)  
  101  9:21  Graviton Catapult  
  101  9:23  Probe (Chrono Boost)  
  102  9:27  Carrier  
  102  9:30  Probe x2 (Chrono Boost)  
  104  9:35  Probe (Chrono Boost)  
  101  9:42  Probe (Chrono Boost)  
  101  9:44  Photon Cannon  
  101  9:45  Photon Cannon  
  109  9:46  Probe (Chrono Boost)  
  115  9:55  Probe (Chrono Boost)  
  115  9:56  Probe (Chrono Boost)  
  117  10:16  Pylon  
  117  10:19  Pylon  
  117  10:26  Carrier  
  117  10:27  Photon Cannon  
  117  10:29  Nexus, Photon Cannon  
  117  10:32  Pylon  
  117  10:33  Carrier  
  123  10:39  Pylon  
  123  10:42  Carrier  
  129  10:49  Protoss Shields Level 1  
  129  10:52  Photon Cannon  
  129  10:54  Photon Cannon  
  135  11:01  Pylon  
  135  11:02  Pylon  
  135  11:14  Probe (Chrono Boost)  
  136  11:24  Nexus, Protoss Air Weapons Level 3  
  136  11:29  Pylon, Stargate  
  135  11:43  Assimilator  
  135  11:44  Stargate  
  135  11:47  Assimilator  
  135  11:51  Twilight Council  
  135  11:53  Carrier  
  141  12:01  Carrier x2  
  147  12:12  Photon Cannon  
  147  12:14  Photon Cannon  
  153  12:17  Carrier  
  159  12:25  Photon Cannon  
  159  12:26  Photon Cannon  
  159  12:35  Templar Archives  
  159  12:36  Protoss Shields Level 2  
  158  12:46  Robotics Facility  
  158  12:48  Pylon  
  158  12:50  Pylon  
  158  13:02  Photon Cannon  
  158  13:10  Gateway  
  158  13:19  Carrier  
  158  13:21  High Templar  
  166  13:27  Oracle  
  166  13:31  Pylon, Photon Cannon  
  166  13:33  Carrier  
  169  13:37  Observer  
  169  13:39  Gateway  
  169  13:46  Protoss Air Armor Level 1  
  175  13:55  High Templar  
  180  14:12  Carrier  
  183  14:30  Nexus  
  183  14:33  Pylon, High Templar x2  
  183  14:35  Pylon  
  185  14:48  Carrier  
  156  15:03  Carrier, High Templar  
  156  15:04  Carrier  
  164  15:10  Observer  
  164  15:17  High Templar  
  166  15:31  Observer  
  167  15:37  Oracle  
  167  15:39  Protoss Air Armor Level 2  
  170  15:46  Nexus  
  170  15:52  Observer  
  171  15:59  Psionic Storm  
  171  16:07  Pylon  
  171  16:08  Pylon  
  171  16:11  Assimilator  
  171  16:13  Carrier  
  171  16:15  Assimilator  
  177  16:29  High Templar x2  
  181  16:36  High Templar  
  183  16:47  Carrier  
  151  17:09  Observer  
  151  17:12  Carrier  
  158  17:27  High Templar x2  
  162  17:49  Adept  
  164  17:55  Carrier  
  164  17:56  Carrier  
  176  18:02  High Templar  
  178  18:15  Oracle  
  181  18:38  Carrier  
  181  18:39  Carrier  
  181  18:40  High Templar  
  187  18:44  Probe (Chrono Boost)  
  187  18:45  Photon Cannon  
  194  18:57  Observer  
  194  18:58  High Templar  
  197  19:06  Nexus  
  197  19:10  Pylon  
  197  19:11  Pylon  
  193  19:32  Carrier  
  193  19:49  Oracle  
  193  19:52  High Templar x2  
  200  20:07  Assimilator  
  200  20:15  Assimilator  
  193  21:24  Pylon  
  185  21:26  Pylon  
  185  21:28  Photon Cannon  
  185  21:32  Probe x3 (Chrono Boost)  
  194  21:34  Nexus  
Show
View Real Time Build Order
Export as new Build Order

Railgan Zerg 

Build Orders: Hatch First 

Get SALT Encoding   

  12  0:01  Drone  
  13  0:12  Overlord  
  13  0:17  Drone  
  14  0:31  Drone x2  
  14  0:34  Drone  
  17  0:52  Hatchery  
  17  0:55  Drone  
  17  0:59  Drone  
  17  1:04  Extractor  
  17  1:20  Spawning Pool  
  17  1:25  Drone  
  17  1:52  Drone  
  17  1:53  Drone x2  
  18  2:10  Spine Crawler  
  18  2:12  Spine Crawler  
  17  2:18  Roach Warren  
  17  2:21  Drone x2  
  18  2:29  Drone  
  19  2:39  Drone  
  19  2:41  Queen  
  22  2:48  Overlord  
  22  2:55  Overlord  
  22  3:01  Overlord  
  22  3:15  Roach x2  
  26  3:21  Queen  
  28  3:29  Roach  
  28  3:30  Zergling x2  
  31  3:36  Ravager  
  32  3:56  Drone x2  
  32  3:59  Ravager  
  32  4:00  Drone x2  
  37  4:04  Drone  
  38  4:19  Overlord  
  38  4:25  Extractor  
  38  4:28  Hatchery  
  38  4:29  Drone  
  36  4:49  Drone x3  
  39  4:55  Hatchery  
  39  4:56  Drone  
  39  4:59  Lair  
  39  5:01  Spore Crawler  
  38  5:12  Drone  
  38  5:13  Drone x2  
  41  5:23  Overlord  
  41  5:30  Drone x3  
  44  5:35  Overlord  
  44  5:43  Drone  
  44  5:44  Drone  
  46  5:53  Drone  
  46  5:54  Drone  
  48  6:01  Extractor x2  
  48  6:03  Queen x2  
  50  6:09  Queen  
  52  6:11  Zergling x2  
  54  6:18  Drone  
  54  6:26  Zergling x10  
  60  6:40  Drone x3  
  60  6:41  Drone x4  
  60  6:46  Overlord  
  66  6:57  Overlord  
  66  6:59  Metabolic Boost  
  66  7:00  Overlord  
  66  7:01  Overlord  
  66  7:04  Overlord, Queen  
  68  7:09  Evolution Chamber  
  68  7:10  Evolution Chamber  
  68  7:14  Drone  
  68  7:15  Hydralisk Den, Drone  
  67  7:18  Spore Crawler  
  67  7:21  Drone  
  67  7:22  Drone x2  
  69  7:30  Overlord  
  69  7:33  Drone x4  
  73  7:37  Drone x3  
  73  7:39  Drone  
  76  7:47  Spore Crawler  
  75  8:00  Hydralisk x3  
  75  8:02  Zerg Missile Weapons Level 1, Zerg Ground Armor Level 1  
  81  8:05  Drone  
  81  8:06  Drone  
  83  8:16  Hydralisk  
  89  8:22  Hydralisk x2  
  89  8:23  Overlord x2  
  89  8:24  Overlord x2  
  89  8:28  Extractor x2  
  89  8:31  Drone  
  89  8:32  Drone x4  
  89  8:35  Drone  
  89  8:39  Overlord  
  90  8:41  Overlord  
  90  8:46  Muscular Augments  
  90  8:50  Drone x2  
  90  8:51  Drone  
  90  8:54  Drone x2  
  95  8:55  Hydralisk  
  95  9:01  Hydralisk  
  99  9:11  Hydralisk x4  
  99  9:15  Drone x2  
  99  9:16  Drone  
  99  9:17  Drone  
  111  9:20  Ravager  
  112  9:29  Overlord  
  112  9:32  Hatchery  
  112  9:34  Hydralisk x2  
  112  9:43  Hydralisk  
  112  9:44  Hydralisk x2  
  118  9:46  Hydralisk  
  118  9:48  Hydralisk  
  122  9:54  Hydralisk  
  122  9:55  Hydralisk  
  126  10:01  Hydralisk  
  126  10:06  Hydralisk x3  
  128  10:11  Zerg Missile Weapons Level 2  
  132  10:16  Zerg Ground Armor Level 2  
  132  10:21  Hydralisk x2  
  132  10:25  Hydralisk x2  
  140  10:35  Infestation Pit, Drone x3  
  142  10:36  Drone  
  142  10:39  Hydralisk  
  144  10:44  Overlord  
  144  10:46  Overlord  
  143  10:51  Drone x6  
  149  10:58  Overlord  
  149  11:01  Drone x2  
  149  11:02  Overlord  
  149  11:03  Overlord  
  151  11:07  Extractor  
  151  11:10  Spore Crawler  
  151  11:11  Extractor  
  148  11:13  Burrow  
  148  11:19  Neural Parasite  
  148  11:20  Infestor x4  
  156  11:29  Infestor  
  156  11:30  Infestor x2  
  161  11:33  Overlord  
  161  11:34  Infestor  
  161  11:36  Zergling x4  
  161  11:37  Overseer  
  162  11:45  Overlord  
  162  11:48  Drone x2  
  164  11:54  Infestor x2  
  164  12:00  Hydralisk x3  
  174  12:04  Hydralisk  
  174  12:05  Hatchery  
  174  12:08  Pneumatized Carapace  
  175  12:10  Overseer  
  175  12:16  Hydralisk  
  175  12:17  Hydralisk x2  
  175  12:20  Hydralisk  
  183  12:23  Hydralisk  
  183  12:27  Hydralisk  
  183  12:28  Hydralisk  
  189  12:32  Hydralisk  
  189  12:33  Hydralisk  
  193  12:42  Hydralisk x3  
  199  13:15  Hatchery  
  195  13:29  Overseer x2  
  195  13:53  Hydralisk x2  
  199  13:57  Hive  
  199  14:14  Overlord  
  196  14:20  Pathogen Glands  
  190  14:27  Hydralisk x4  
  177  14:52  Hydralisk  
  139  14:55  Hydralisk  
  139  14:56  Hydralisk x5  
  139  14:57  Hydralisk  
  139  14:58  Hydralisk x4  
  151  15:06  Hydralisk, Infestor  
  137  15:07  Infestor x4  
  137  15:10  Hydralisk x2  
  151  15:16  Hydralisk  
  151  15:21  Infestor x4  
  161  15:29  Hydralisk x4  
  161  15:30  Hydralisk  
  161  15:31  Hydralisk x3, Extractor  
  161  15:33  Extractor  
  161  15:35  Overseer  
  175  15:36  Zerg Missile Weapons Level 3  
  175  15:38  Zerg Ground Armor Level 3  
  175  15:42  Hydralisk  
  177  15:43  Queen x5  
  177  15:44  Queen  
  177  15:45  Hydralisk x2  
  193  15:50  Hydralisk  
  193  15:52  Overlord x3  
  193  15:53  Overseer  
  195  16:16  Hydralisk x2, Infestor  
  195  16:17  Infestor  
  199  16:21  Hydralisk  
  199  16:25  Hatchery  
  198  16:48  Hydralisk  
  194  16:58  Hydralisk  
  178  17:01  Hydralisk  
  178  17:06  Infestor  
  178  17:07  Infestor x6  
  190  17:08  Zergling x2  
  190  17:10  Hydralisk  
  190  17:11  Hydralisk x2  
  190  17:12  Queen x3  
  190  17:13  Hydralisk, Queen x2  
  183  17:16  Hydralisk  
  185  17:28  Hydralisk  
  185  17:29  Hydralisk x3  
  193  17:31  Hydralisk  
  193  17:34  Extractor  
  193  17:35  Extractor  
  193  17:37  Overseer  
  193  17:41  Hydralisk  
  193  17:42  Hydralisk  
  193  17:45  Hydralisk  
  193  17:48  Queen  
  195  17:55  Hydralisk x2  
  191  18:04  Ultralisk Cavern  
  190  18:07  Zergling x2  
  190  18:08  Zergling x18  
  194  18:33  Hydralisk x7  
  178  18:37  Infestor x2  
  178  18:39  Zergling x2  
  179  18:41  Zergling x4  
  179  18:42  Zergling x6  
  184  18:54  Hydralisk  
  184  18:55  Hydralisk x4  
  194  19:03  Overseer, Overlord x2  
  194  19:05  Overseer  
  194  19:15  Hydralisk  
  165  19:34  Hydralisk  
  165  19:35  Hydralisk x10  
  165  19:37  Hydralisk x2  
  185  19:54  Hydralisk x4  
  185  19:58  Infestor  
  187  20:13  Hydralisk x5  
  195  20:14  Overlord x2  
  195  20:37  Hatchery  
  195  20:38  Ultralisk  
  198  21:02  Overlord  
  192  21:04  Overlord  
  190  21:16  Hydralisk  
Tags
 
Add a new tag
Caveats
  • Supply blocks, unpowered buildings, or Contaminate may cause inaccurate times.
  • Supply counts are checked every 10 seconds.